 Dungeon Crawl Stone Soup version 0.28-a0-909-g796cbd3a86 (webtiles) character file.

Game seed: 2457046720985386276

116 Htamos the Magician (level 4, 0/24 HPs)
             Began as a Deep Elf Conjurer on Nov 25, 2021.
             Succumbed to a kobold brigand's poison
             ... on level 3 of the Dungeon.
             The game lasted 00:04:12 (2548 turns).

Htamos the Magician (Deep Elf Conjurer)             Turns: 2548, Time: 00:04:14

Health: 0/24       AC:  2    Str:  1 (4)  XL:     4   Next: 69%
Magic:  4/13       EV: 12    Int: 22 (24) God:
Gold:   92         SH:  0    Dex: 11 (13) Spells: 13/14 levels left

rFire   . . .      SeeInvis .   i - +0 dagger
rCold   . . .      Faith    .   (no shield)
rNeg    . . .      Spirit   .   a - +0 robe
rPois   .          Reflect  .   (no helmet)
rElec   .          Harm     .   (no cloak)
rCorr   .          Rampage  .   (no gloves)
Will    .....                   (no boots)
Stlth   ++........              h - amulet of the acrobat
HPRegen 0.08/turn               (no ring)
MPRegen 0.13/turn               (no ring)

@: lethally poisoned (0 -> -6), flying
A: no striking features
a: no special abilities


You were on level 3 of the Dungeon.
You visited 1 branch of the dungeon, and saw 3 of its levels.

You collected 92 gold pieces.

Inventory:

Hand Weapons
 i - a +0 dagger (weapon)
Missiles
 b - 71 stones
 j - 11 poisoned darts (quivered)
Armour
 a - a +0 robe (worn)
Jewellery
 h - an amulet of the acrobat (around neck)
Scrolls
 d - 4 scrolls of identify {unknown}
 e - 2 scrolls of noise {unknown}
 f - a scroll of immolation {unknown}
 g - a scroll of fear {unknown}
 k - 2 scrolls of teleportation
Potions
 c - 2 potions of flight


   Skills:
 - Level 2.4 Dodging
 - Level 2.4 Stealth
 * Level 5.7 Spellcasting
 + Level 5.3 Conjurations


You had 13 spell levels left.
You knew the following spells:

 Your Spells              Type           Power      Damage    Failure   Level
a - Magic Dart            Conj           100%       1d8       1%          1

Your spell library contained the following spells:

 Spells                   Type           Power      Damage    Failure   Level
 Searing Ray              Conj           58%        2d6       1%          2
 Dazzling Flash           Conj/Hex       34%        N/A       10%         3
 Fulminant Prism          Conj/Hex       8%         3d7       30%         4
 Iskenderun's Mystic Bla  Conj/Tloc      17%        2d5       30%         4


Dungeon Overview and Level Annotations

Branches:
Dungeon (3/15)

Altars:

Annotations:
D:2 Sigmund


Message History

The poisoned dart hits you!
You are more poisoned.
Throw: 12 darts (poison)
Press: ? - help, Q - select action, (/) - cycle Shift-Dir - straight line, f/p - kobold brigand
Aim: a kobold brigand, wielding a +0 club and quivering poisoned darts (lightly wounded, very poisoned, 47% to hit)
You throw a poisoned dart.
The poisoned dart barely misses the kobold brigand.
You feel sick.
It was a potion of flight.
You feel very buoyant.
You fly up into the air.
You feel sick.
The kobold brigand throws a poisoned dart.
The poisoned dart hits you!
You are lethally poisoned!
Okay, then.
It was a potion of degeneration.
There was something very wrong with that liquid.
You feel weakened.
You feel dopey.
You feel clumsy.
* * * LOW HITPOINT WARNING * * *
You feel very sick.
As you read the scroll labelled UME WAIX HAKU, it crumbles to dust.
You feel strangely unstable.
It was a scroll of teleportation.
* * * LOW HITPOINT WARNING * * *
You feel very sick.
Unknown command.
* * * LOW HITPOINT WARNING * * *
You feel sick.
* * * LOW HITPOINT WARNING * * *
You feel sick.
* * * LOW HITPOINT WARNING * * *
You feel sick.
Casting: Magic Dart (safe; 1% risk of failure)
Confirm with . or Enter, or press ? or * to list all spells.
Aiming: Magic Dart (safe; 1% risk of failure)
Press: ? - help, Shift-Dir - straight line, f/p - kobold brigand
Aim: a kobold brigand, wielding a +0 club and quivering poisoned darts (moderately wounded, very poisoned, 100% to hit)
The magic dart hits the kobold brigand.
The kobold brigand is heavily wounded.
Your surroundings suddenly seem different.
You die...

#..## #..# ##..# ..##
##..## ##.#
..####....####.######.#
...##..##..##.........#
#....).........########
####.########.##..
..............##.#
.....###..######.##
########...####.@.##
............##÷....####
.......................
#######.....##.....###.#
##...####...## ##.##
#..## ### #..#
#..#####.## #......†...


There were no monsters in sight!

Vanquished Creatures
  3 gnolls (D:3)
  3 adders
  2 worms
  A dart slug (D:1)
  9 ball pythons
  3 bats (D:2)
  3 endoplasms (D:2)
  3 giant cockroaches (D:1)
  7 goblins
  2 hobgoblins (D:3)
  8 kobolds
  A quokka (D:3)
  4 frilled lizards
  7 rats
56 creatures vanquished.

Vanquished Creatures (others)
  3 plants (D:3)
3 creatures vanquished.

Grand Total: 59 creatures vanquished

Notes
Turn   | Place    | Note
-------+----------+-------------------------------------------
     0 | D:1      | Htamos the Deep Elf Conjurer began the quest for the Orb.
     0 | D:1      | Reached XP level 1. HP: 10/10 MP: 6/6
   233 | D:1      | Reached XP level 2. HP: 15/15 MP: 4/8
   588 | D:1      | Found a faded altar of an unknown god.
   662 | D:2      | Reached XP level 3. HP: 19/19 MP: 1/10
  1344 | D:2      | Noticed Sigmund
  1859 | D:3      | Reached skill level 5 in Spellcasting
  1859 | D:3      | Reached skill level 5 in Conjurations
  1863 | D:3      | Reached XP level 4. HP: 24/24 MP: 2/13
  2529 | D:3      | Noticed a kobold brigand
  2548 | D:3      | Succumbed to a kobold brigand's poison

Illustrated notes

Levels and vault maps discovered:
D:1:      mrwooster_arrival_statue_2, layout_rooms, basic_ecumenical_altar
D:2:      layout_basic, uniq_sigmund
D:3:      cheibrodos_thug_alley, layout_loops_ring, nicolae_gozag_seed_capital,
          palyth_stone_intersect, minmay_shallow_snake_nest, uniq_robin

Skill      XL: |  1  2  3 |
---------------+----------+-----
Spellcasting   | 4 5 |  5.7
Conjurations   | 5 |  5.3
Dodging        | |  2.4
Stealth        | |  2.4

Action                   |  1- 3 |  4- 6 || total
-------------------------+-------+-------++-------
Throw: Dart              |       |     5 ||     5
 Cast: Magic Dart        |    65 |    46 ||   111
  Use: Potion            |     2 |     2 ||     4
       Scroll            |       |     1 ||     1
Dodge: Dodged            |     2 |     4 ||     6

Table legend: (Time is in decaauts)
 A = Elapsed time spent in this place.
 B = Non-inter-level travel time spent in this place.
 C = Inter-level travel time spent in this place.
 D = Time resting spent in this place.
 E = Time spent auto-exploring this place.
 F = Levels seen in this place.
 G = Mean time per level.
                   A        B        C        D        E       F      G
               +--------+--------+--------+--------+--------+-----+--------+
         Total |   2549 |   2531 |     18 |      0 |   2209 |   3 |  849.7 |
       Dungeon |   2549 |   2531 |     18 |      0 |   2209 |   3 |  849.7 |
               +--------+--------+--------+--------+--------+-----+--------+

Top non-repeatable levels by time:
     D:2: 1106 daAuts
     D:3: 780 daAuts
     D:1: 661 daAuts
